 Dungeon Crawl Stone Soup version 0.23.2-33-g5129a83184 (webtiles) character file.

Game seed: 4124532053942335447

399 Noglodyte the Basher (level 6, -9/51 HPs)
             Began as a Minotaur Fighter on July 2, 2019.
             Was a Follower of Makhleb.
             Mangled by an ogre
             ... wielding a +0 giant spiked club
              (24 damage)
             ... on level 4 of the Dungeon.
             The game lasted 00:08:00 (3113 turns).

Noglodyte the Basher (Minotaur Fighter)             Turns: 3113, Time: 00:08:00

Health: -9/51      AC: 11    Str: 27    XL:     6   Next: 54%
Magic:  5/5        EV:  7    Int:  5    God:    Makhleb [*.....]
Gold:   214        SH: 10    Dex: 10    Spells: 5/5 levels left

rFire    . . .     SeeInvis .   a - +0 flail
rCold    . . .     Gourm    .   c - +0 shield
rNeg     . . .     Faith    .   b - +0 scale mail
rPois    .         Spirit   .   (helmet restricted)
rElec    .         Reflect  .   y - +2 cloak
rCorr    .         Harm     .   (no gloves)
MR       .....                  i - +0 pair of boots
Stlth    +.........             (no amulet)
HPRegen  0.17/turn              h - ring of stealth
MPRegen  0.09/turn              (no ring)

@: mighty
A: retaliatory headbutt, horns 2
a: Renounce Religion


You were on level 4 of the Dungeon.
You worshipped Makhleb.
Makhleb was aware of your devotion.
You were not hungry.

You visited 1 branch of the dungeon, and saw 4 of its levels.

You collected 214 gold pieces.

Inventory:

Hand Weapons
 a - a +0 flail (weapon)
Missiles
 j - 9 javelins (quivered)
 m - 41 poisoned needles
 v - 13 tomahawks
 B - 2 large rocks
Armour
 b - a +0 scale mail (worn)
 c - a +0 shield (worn)
 i - a +0 pair of boots (worn)
 y - a +2 cloak (worn)
 z - a +0 large shield
Jewellery
 h - a ring of stealth (left hand)
 t - a cursed ring of attention {unknown}
Scrolls
 g - 2 scrolls of immolation {unknown}
 n - 2 scrolls of teleportation {unknown}
 s - 4 scrolls of identify {unknown}
 w - 3 scrolls of remove curse {unknown}
 x - a scroll of noise {unknown}
 C - a scroll of blinking {unknown}
Potions
 d - 3 potions of might
 e - 3 potions of brilliance {unknown}
 k - a potion of invisibility {unknown}
 l - a potion of lignification {unknown}
 o - a potion of degeneration {unknown}
 p - 2 potions of berserk rage {unknown}
 q - 2 potions of cancellation {unknown}
 r - a potion of mutation {unknown}
 u - a potion of resistance {unknown}
 A - a potion of heal wounds {unknown}
Comestibles
 f - 7 rations


   Skills:
 - Level 3.6 Fighting
 + Level 8.5 Maces & Flails
 - Level 3.6 Armour
 - Level 3.6 Shields


You had 5 spell levels left.
You didn't know any spells.
Your spell library was empty.

Dungeon Overview and Level Annotations

Branches:
Dungeon (4/15)
 Temple: D:4-7

Altars:
Makhleb
Okawaru
Qazlal
Xom

Annotations:
D:4 1 transporter, H0rd4k's ghost, amateur HuAr


Innate Abilities, Weirdness & Mutations

You reflexively headbutt those who attack you in melee.
You have a pair of horns on your head.


Message History

You block the ogre's attack. The ogre hits you but does no damage.
H0rd4k's ghost screams, "There is no future for me!"
You sock the ogre!
You kill the ogre!
Makhleb accepts your kill.
The ogre hits you with a +0 giant spiked club!
You completely miss the ogre.
The ogre hits you with a +6 great mace!!
* * * LOW HITPOINT WARNING * * *
You are too injured to fight recklessly!
You are too injured to fight recklessly!
You are too injured to fight recklessly!
You are too injured to fight recklessly!
You are too injured to fight recklessly!
You are too injured to fight recklessly!
You are too injured to fight recklessly!
You thump the ogre! You headbutt the ogre!
The ogre is almost dead.
The ogre hits you with a +0 giant spiked club!!
You die...

...........#...#..##..#.#........
..........##(..#..##..#.#.####.##
..........##...#.#..#$#©..# #.#
##........######©....$#...# #.#
.#.....#####...#.#..#.#©.## #.#
........# ##'###..##..#.## #.#
........###....#..##..#.# #.#
...............#O#..#.#.######.##
...............#@OW...#......#...
###<...........########......####
..##................+........#
...+................#........#
..##...####..........÷.......#
..##...# ######...##÷.......#
..##...# #...##........# ..##...#
#...########### ..###### #####


You could see 2 ogres and H0rd4k's ghost.

Vanquished Creatures
  A phantom (D:4)
  An ogre (D:4)
  A hound (D:4)
  An orc wizard (D:4)
  5 adders
  3 worms
  A dart slug (D:2)
  3 leopard geckos
  11 orcs
  15 bats
  3 giant cockroaches
  7 hobgoblins
  14 jackals
  2 frilled lizards
  12 goblins
  7 kobolds
  7 rats
94 creatures vanquished.

Notes
Turn   | Place    | Note
-------+----------+-------------------------------------------
     0 | D:1      | Noglodyte the Minotaur Fighter began the quest for the Orb.
     0 | D:1      | Reached XP level 1. HP: 19/19 MP: 0/0
    16 | D:1      | Reached skill level 3 in Maces & Flails
    32 | D:1      | Reached XP level 2. HP: 8/26 MP: 1/1
   546 | D:1      | Reached skill level 4 in Maces & Flails
   832 | D:2      | Reached XP level 3. HP: 31/31 MP: 2/2
  1076 | D:2      | Reached skill level 5 in Maces & Flails
  1081 | D:2      | Reached XP level 4. HP: 31/39 MP: 3/3
  1236 | D:2      | Found a burning altar of Makhleb.
  1240 | D:2      | Became a worshipper of Makhleb the Destroyer
  1249 | D:2      | Found a shimmering altar of Xom.
  1808 | D:3      | Reached skill level 6 in Maces & Flails
  1976 | D:3      | Reached * piety under Makhleb
  2181 | D:3      | Found a stormy altar of Qazlal.
  2210 | D:3      | Reached XP level 5. HP: 45/45 MP: 4/4
  2461 | D:4      | Noticed an ogre
  2461 | D:4      | Noticed an ogre
  2461 | D:4      | Noticed H0rd4k's ghost (amateur HuAr)
  2461 | D:4      | Noticed an ogre
  2462 | D:4      | Found a transporter.
  2466 | D:4      | Found a transporter.
  2632 | D:4      | Noticed a phantom
  2650 | D:4      | Reached skill level 7 in Maces & Flails
  2655 | D:4      | Killed a phantom
  2655 | D:4      | Reached XP level 6. HP: 49/51 MP: 5/5
  2724 | D:4      | Reached skill level 8 in Maces & Flails
  2820 | D:4      | Found an iron altar of Okawaru.
  3113 | D:4      | Mangled by an ogre

Skill      XL: |  1  2  3  4  5  6 |
---------------+-------------------+-----
Maces & Flails | 3 4 5 6 7 8 |  8.5
Fighting       | |  3.6
Armour         | |  3.6
Shields        | |  3.6

Action                   |  1- 3 |  4- 6 || total
-------------------------+-------+-------++-------
Melee: Flail             |    80 |   175 ||   255
       Headbutt          |    10 |    30 ||    40
  Use: Potion            |       |     1 ||     1
  Eat: Chunk             |     1 |     6 ||     7
Armor: Scale mail        |    63 |    75 ||   138
Dodge: Dodged            |    29 |    68 ||    97
Block: Shield            |    55 |   102 ||   157
